 Dungeon Crawl Stone Soup version 0.30.0-5-g1a98f26d00 (webtiles) character file.

Game seed: 13880865251383074025

2151 HeliumTrimp the Carver (level 9, -2/63 (68) HPs)
             Began as a Formicid Fighter on May 10, 2023.
             Was a Follower of Okawaru.
             Slain by a wight
             ... wielding a +4 halberd
              (9 damage)
             ... on level 7 of the Dungeon.
             The game lasted 00:11:18 (6413 turns).

HeliumTrimp the Carver (Formicid Fighter)           Turns: 6413, Time: 00:11:19

HP:   -2/63 (68)    AC: 12    Str: 21    XL:     9   Next: 56%
MP:   8/10          EV: 14    Int:  8    God:    Okawaru [*.....]
Gold: 282           SH:  7    Dex: 17    Spells: 8/8 levels left

rFire   + . .        b - +0 great sword (drain)
rCold   . . .        c - +0 buckler
rNeg    . . .        h - +2 ring mail {rF+}
rPois   .            (helmet unavailable)
rElec   .            (no cloak)
rCorr   .            f - +0 pair of gloves
SInv    +            w - +0 pair of boots
Will    +....        (no amulet)
Stlth   ++           u - ring of willpower
HPRegen 0.30/turn    (no ring)
MPRegen 0.12/turn

%: no passive effects
@: heroic, drained
A: permanent stasis, dig shafts and tunnels, antennae 3, four strong arms
a: Dig, Shaft Self, Renounce Religion, Heroism


You were on level 7 of the Dungeon.
You worshipped Okawaru.
Okawaru was aware of your devotion.
You visited 2 branches of the dungeon, and saw 8 of its levels.

You collected 347 gold pieces.
You spent 65 gold pieces at shops.

Inventory:

Hand Weapons
 b - a +0 great sword of draining (weapon)
Armour
 c - a +0 buckler (worn)
 e - the +0 leather armour "Vataucw" {Harm Dex+5 Stlth+}
   (You found it on level 5 of the Dungeon)

   Dex:       It affects your dexterity (+5).
   Harm:      It increases damage dealt and taken.
   Stlth:     It makes you more stealthy.
 f - a +0 pair of gloves (worn)
 h - a +2 ring mail of fire resistance (worn)
 w - a +0 pair of boots (worn)
Jewellery
 u - a ring of willpower (left hand)
Wands
 a - a wand of mindburst (21)
 o - a wand of flame (19)
 q - a wand of iceblast (1)
Potions
 d - a potion of mutation
 g - a potion of curing
 i - 2 potions of resistance
 j - 2 potions of cancellation
 l - a potion of attraction {unknown}
 n - a potion of invisibility
 p - 2 potions of lignification
 r - 3 potions of degeneration {unknown}
 t - a potion of brilliance {unknown}
 v - a potion of flight {unknown}


   Skills:
 - Level 5.1(10.1) Fighting
 * Level 9.1(14.1) Long Blades
 - Level 5.3(10.3) Armour
 + Level 1.1(6.1) Dodging
 - Level 5.3(10.3) Shields
 + Level 2.2 Invocations
 - Level 5.0 Evocations


You had 8 spell levels left.
You didn't know any spells.
Your spell library contained the following spells:

 Spells                   Type           Power      Damage    Failure   Level
 Frozen Ramparts          Ice            0%         1d1       92%         3
 Ice Form                 Ice/Tmut       0%         N/A       100%        4
 Summon Ice Beast         Ice/Summ       Unusable   N/A       N/A         4

Dungeon Overview and Level Annotations

Branches:
Dungeon (7/15)             Temple (1/1) D:4

Altars:
Cheibriados
Dithmenos
Elyvilon
Fedhas
Gozag
Kikubaaqudgha
Makhleb
Nemelex Xobeh
Okawaru
Qazlal
Ru
Trog
Vehumet
Wu Jian
Xom
Zin
The Shining One

Shops:
D:2 !   D:6 =

Annotations:
Temple 2 transporters


Innate Abilities, Weirdness & Mutations

You cannot be hasted, slowed, berserked, paralysed or teleported.
You can dig through walls and to a lower floor.
You have a pair of large antennae on your head. (SInv)
Your four strong arms can wield two-handed weapons with a shield.


Message History

You are too injured to fight recklessly!
You are too injured to fight recklessly!
You are too injured to fight recklessly!
You are too injured to fight recklessly!
You are too injured to fight recklessly!
You are too injured to fight recklessly!
You are too injured to fight recklessly!
You are too injured to fight recklessly!
You are too injured to fight recklessly!
You are too injured to fight recklessly!
You are too injured to fight recklessly!
You are too injured to fight recklessly!
You are too injured to fight recklessly!
You are too injured to fight recklessly!
You are too injured to fight recklessly!
You are too injured to fight recklessly!
You are too injured to fight recklessly!
You are too injured to fight recklessly!
You are too injured to fight recklessly!
You hit the wight but do no damage.
The wight is almost destroyed.
The wight barely misses you.
The wight hits you from afar with a +4 halberd!
* * * LOW HITPOINT WARNING * * *
You feel drained.
* * * LOW HITPOINT WARNING * * *
You feel better.
The wight hits you from afar with a +4 halberd!
* * * LOW HITPOINT WARNING * * *
You block the wight's attack.
You closely miss the wight.
The wight is almost destroyed.
You block the wight's attack. The wight closely misses you.
You gain the combat prowess of a mighty hero.
The wight closely misses you. You block the wight's attack.
You slash the wight!
You destroy the wight!
Okawaru accepts your kill.
The wight hits you from afar with a +4 halberd!
You die... #........# #...## #.######.# #.....# ####.## ..z.... ###.....#### zz.....

............+
.......
..##.#...####
.......
.##.....#####.......
........##z.........
.####...@)z~~~~~~~..
#..###.≈#####~.#
.....# #.≈# { #
####.# #.~#{ { #.
#.~# { #. #.~# #.
#.~≈ #...


You could see 2 wights.

Vanquished Creatures
  Grinder (D:3)
  The ghost of Xavdak the Cudgeller, an amateur DrBe of Dithmenos (D:3)
  Menkaure (D:5)
  A water moccasin (D:5)
  2 ice beasts
  An ogre (D:6)
  2 phantoms
  5 scorpions
  3 wights (D:7)
  2 howler monkeys
  2 hounds
  2 gnoll boudas (D:6)
  A jelly (D:6)
  An orc priest (D:4)
  5 iguanas
  2 sleepcaps
  2 orc wizards (D:4)
  Ijyb (D:5)
  Terence (D:3)
  7 gnolls
  6 adders
  2 white imps
  An ufetubus (D:5)
  2 worms
  4 dart slugs
  10 orcs (D:4)
  7 ball pythons
  5 endoplasms
  3 giant cockroaches
  10 goblins
  6 hobgoblins
  A jackal (D:3)
  8 kobolds
  2 quokkas (D:1)
  7 bats
  6 frilled lizards
  10 rats
  A spectral hobgoblin (D:2)
134 creatures vanquished.

Notes
Turn   | Place    | Note
-------+----------+-------------------------------------------
     0 | D:1      | HeliumTrimp the Formicid Fighter began the quest for the
                  | Orb.
     0 | D:1      | Reached XP level 1. HP: 18/18 MP: 1/1
   311 | D:1      | Reached XP level 2. HP: 23/24 MP: 2/2
   446 | D:1      | Reached XP level 3. HP: 21/30 MP: 3/3
   455 | D:1      | Reached skill level 3 in Long Blades
  1050 | D:2      | Found Rycifoupp's Distillery.
  1059 | D:2      | Bought a potion of heal wounds for 65 gold pieces
  1199 | D:2      | Found a faded altar of an unknown god.
  1207 | D:2      | You fall into a shaft and drop 1 floor!
  1234 | D:3      | Reached XP level 4. HP: 35/36 MP: 4/4
  1460 | D:3      | Found a large runed translucent door.
  1462 | D:3      | Found a large runed translucent door.
  1468 | D:3      | Noticed Terence
  1473 | D:3      | Killed Terence
  1474 | D:3      | Reached skill level 4 in Long Blades
  1474 | D:3      | Reached XP level 5. HP: 40/42 MP: 5/5
  1478 | D:3      | Noticed Xavdak's ghost (amateur DrBe)
  2010 | D:3      | Noticed Grinder
  2038 | D:3      | Killed Grinder
  2039 | D:3      | Reached skill level 5 in Fighting
  2039 | D:3      | Reached skill level 5 in Long Blades
  2039 | D:3      | Reached XP level 6. HP: 7/51 MP: 6/6
  2540 | D:3      | Killed Xavdak's ghost
  2541 | D:3      | Reached skill level 1 in Evocations
  2541 | D:3      | Reached XP level 7. HP: 30/56 MP: 7/7
  2694 | D:4      | Reached skill level 6 in Long Blades
  2878 | D:4      | Found the +6 shillelagh "Devastator" {shatter}
  3078 | D:4      | Reached XP level 8. HP: 34/62 MP: 8/8
  3218 | D:4      | Found a shadowy altar of Dithmenos.
  3356 | D:4      | Found a staircase to the Ecumenical Temple.
  3456 | Temple   | Entered the Ecumenical Temple
  3456 | Temple   | Found a transporter.
  3456 | Temple   | Found a transporter.
  3458 | Temple   | Found a transporter.
  3458 | Temple   | Found a transporter.
  3509 | Temple   | Became a worshipper of Warmaster Okawaru
  3658 | D:5      | Entered Level 5 of the Dungeon
  3658 | D:5      | Noticed Ijyb
  3662 | D:5      | Killed Ijyb
  3706 | D:5      | Reached skill level 7 in Long Blades
  3742 | D:5      | Noticed Menkaure
  3755 | D:5      | HP: 3/61 [Menkaure (16)]
  3758 | D:5      | Killed Menkaure
  3918 | D:5      | Reached skill level 5 in Armour
  3989 | D:5      | Identified the +0 leather armour "Vataucw" {Harm Dex+5
                  | Stlth+}
  4235 | D:5      | Reached * piety under Okawaru
  4448 | D:5      | Reached skill level 8 in Long Blades
  4745 | D:6      | Reached XP level 9. HP: 68/68 MP: 9/9
  5173 | D:6      | HP: 3/68 [ogre/+0 giant club (26)]
  5179 | D:6      | Reached skill level 5 in Shields
  5396 | D:6      | Found Ulilothreiw's Jewellery Emporium.
  5492 | D:6      | Reached skill level 1 in Invocations
  5492 | D:6      | Reached skill level 5 in Evocations
  5586 | D:6      | Found a shimmering altar of Xom.
  5665 | D:6      | Found a sacrificial altar of Ru.
  5665 | D:6      | Found a stormy altar of Qazlal.
  5691 | D:6      | Reached skill level 9 in Long Blades
  6363 | D:7      | Reached skill level 1 in Dodging
  6413 | D:7      | Slain by a wight

Illustrated notes

Levels and vault maps discovered:
D:1:      dpeg_arrival_subterranean_lakeside_camping, layout_basic, st_stairs_8
D:2:      layout_loops_corners, dreamdust_ecumenical_altar_drowned_temple,
          serial_shops, shop, st_stairs_4
D:3:      layout_loops_ring, ebering_ghost_disaster_area, minmay_diced_spiral,
          uniq_terence, uniq_grinder
D:4:      layout_rooms, old_standard_altar, temple_hall, hex_tiny
D:5:      layout_basic, uniq_ijyb, uniq_menkaure
D:6:      minmay_spotlight, layout_cave_pools, dk_xom_monty_hall,
          gammafunk_temple_overflow_elements, serial_shops, shop
D:7:      layout_loops_corners, kennysheep_mini_moat, enter_bailey_3,
          minmay_splitting_lines, uniq_crazy_yiuf_cottage
Temple:   hellmonk_temple_divided_pantheon

Skill      XL: |  1  2  3  4  5  6  7  8  9 |
---------------+----------------------------+-----
Long Blades    | 3 4 5 6 8 9 |  9.1
Fighting       | 4 5 |  5.1
Evocations     | 1 2 4 5 |  5.0
Armour         | 4 5 |  5.3
Shields        | 5 |  5.3
Invocations    | 2 |  2.2
Dodging        | 1 |  1.1

Action                     |  1- 3 |  4- 6 |  7- 9 || total
---------------------------+-------+-------+-------++-------
  Melee: Long sword        |   114 |    86 |    43 ||   243
         Great sword       |       |       |   261 ||   261
 Invoke: Heroism           |       |       |     3 ||     3
Ability: Dig               |       |       |     3 ||     3
    Use: Potion            |       |     1 |    10 ||    11
         Scroll            |       |       |    16 ||    16
 Armour: Scale mail        |    70 |    35 |     9 ||   114
         Ring mail         |       |       |   102 ||   102
  Dodge: Dodged            |    58 |    31 |   164 ||   253
  Block: Buckler           |    37 |    17 |   101 ||   155
